 Dungeon Crawl Stone Soup version 0.31-a0-507-gbafd7f5274 (webtiles) character file.

Game seed: 2815463587431727735

46 ytrimaz the Ruffian (level 3, -8/26 (27) HPs)
             Began as a Demonspawn Shapeshifter on Aug 9, 2023.
             Mangled by a wight
             ... wielding a +3 flail
              (12 damage)
             ... on level 3 of the Dungeon.
             The game lasted 00:02:39 (1433 turns).

ytrimaz the Ruffian (Demonspawn Shapeshifter)       Turns: 1433, Time: 00:02:39

HP:   -8/26 (27)    AC:  4    Str: 17    XL:     3   Next: 44%
MP:   3/3           EV: 12    Int:  9    God:
Gold: 51            SH:  4    Dex: 13    Spells: 2/2 levels left

rFire   . .          .
                       - Unarmed
rCold   . . .        (no shield)
rNeg    . . .        a - +0 animal skin
rPois   .            (helmet currently unavailable)
rElec   .            (cloak currently unavailable)
rCorr   +            (gloves currently unavailable)
SInv    +            (boots currently unavailable)
Will    .....        (no amulet)
Stlth   +            f - ring of resist corrosion
HPRegen 0.24/turn    i - ring of see invisible
MPRegen 0.08/turn

%: no passive effects
@: beast-form, lightly drained
A: beast (slay +1), thin metallic scales 1, condensation shield
a: Begin Untransformation


You were on level 3 of the Dungeon.
You were a hulking beast.
You visited 1 branch of the dungeon, and saw 3 of its levels.

You collected 51 gold pieces.


Innate Abilities, Weirdness & Mutations

You are a hulking beast.
Your limbs bulge with bestial killing power. (Slay +1)
You are partially covered in thin metallic scales. (AC +2)
A meltable shield of frost defends you. (SH +4)


   Skills:
 * Level 2.0 Fighting
 * Level 2.4 Dodging
 * Level 3.1 Unarmed Combat
 + Level 2.8 Shapeshifting


You had 2 spell levels left.
You didn't know any spells.
Your spell library contained the following spells:

 Spells                   Type           Power      Damage    Failure   Level
 Necrotise                Necr           0%         1d4       38%         1
 Ignite Poison            Fire/Tmut/Pois 0%         N/A       77%         3
 Portal Projectile        Hex/Tloc       0%         N/A       77%         3
 Tukima's Dance           Hex            0%         N/A       77%         3
 Vampiric Draining        Necr           0%         2d6       77%         3
 Iskenderun's Mystic Bla  Conj/Tloc      0%         2d3       99%         4
 Sticky Flame             Conj/Fire      0%         2d3       99%         4
 Agony                    Necr           0%         N/A       100%        5
 Ignition                 Fire           0%         3d3       100%        8

Inventory:

Armour
 a - a +0 animal skin (worn)
Jewellery
 f - a ring of resist corrosion (left hand)
   (You found it on level 1 of the Dungeon)
 i - a ring of see invisible (right hand)
   (You found it on level 2 of the Dungeon)
Talismans
 c - a beast talisman (active)
 d - a flux talisman
Scrolls
 e - a scroll of acquirement
 g - a scroll of identify
Potions
 b - a potion of lignification

Dungeon Overview and Level Annotations

Branches:
Dungeon (3/15) Zot: 16571

Altars:

#.#.#.#
#.#)#.#
#.#.#.#..#
#.#.#.#..#
#.#<#.#..#
#.###.#..#
#z#...#..#
#z#.#.#..#
#h#.###..#
#.#......#
#.######.#
#.# #.#
#.######.#
#[.......#
##########


You could see 2 wights.


Message History

Unknown command.
No target in view!
You pick up a book of Weapons and begin reading...
You add the spells Tukima's Dance, Portal Projectile and Iskenderun's Mystic Blast to your library. 😎 HP[+4]
Your hp is fully restored (27).
j - a scroll labelled JOLEYCYNTUSM Key pressed, stopping explore.
Key pressed, stopping explore.
Found a stone staircase leading up.
The air fills with toxic fumes!
As you read the scroll labelled JOLEYCYNTUSM, it crumbles to dust.
It was a scroll of poison.
Unknown command.
As you read the scroll labelled XINALI MITH, it crumbles to dust.
You feel aware of your surroundings.
It was a scroll of revelation.
Unknown command.
As you read the scroll labelled VIELAU GOLOMITO, it crumbles to dust.
It is a scroll of identify.
e - a scroll of acquirement Unknown command.
Partly explored, can't reach some places.
Partly explored, can't reach some places.
Unknown command.
You start waiting.
Done waiting.
You see here 6 poisoned darts.
Key pressed, stopping explore.
Key pressed, stopping explore.
Unknown command.
Done exploring.
Done exploring.
Done exploring.
Done exploring.
Done exploring.
Done exploring.
No target in view!
There is a stone staircase leading down here.
You climb downwards.
There is a stone staircase leading up here.
A kobold is nearby!
A kobold is nearby!
Okay, then.
The kobold shouts!
The kobold hits you but does no damage.
You hit the kobold. You hit the kobold.
You kill the kobold!
Things that are here:
a +0 dagger; 5 stones; a kobold corpse Unknown command.
No target in view!
You start waiting.
Done waiting.
Key pressed, stopping explore.
You see here a +0 helmet. 2 wights come into view.
The wight moves out of view.
A wight is nearby!
A wight is nearby!
Unknown command.
Okay, then.
Unknown command.
The wight attacks as you move away! The wight barely misses you.
There are monsters nearby!
Okay, then.
Unknown command.
Unknown command.
The wight attacks as you move away! The wight closely misses you.
The wight attacks as you move away! The wight misses you.
The wight attacks as you move away!
The wight hits you with a +3 flail! 😮 HP[-8]
You take 8 damage, and now have 19/27 hp.
MASSIVE DAMAGE!! (PAUSE)
You completely miss the wight. The wight barely misses you.
You hit the wight. You block the wight's attack.
Unknown command.
You hit the wight. The wight misses you.
The wight hits you from afar with a +4 spear!
* * * LOW HITPOINT WARNING * * *
😨 HP[-6]
You take 6 damage, and now have 13/27 hp.
MASSIVE DAMAGE!! (PAUSE)
You barely miss the wight. The wight barely misses you. The wight misses you.
You closely miss the wight. You punch the wight. The wight barely misses you.
The wight closely misses you.
Unknown command.
Unknown command.
Okay, then.
You barely miss the wight. The wight barely misses you.
The wight hits you from afar with a +4 spear!
* * * LOW HITPOINT WARNING * * *
You feel drained.
* * * LOW HITPOINT WARNING * * *
😱 HP[-10]
You now have 26 max hp (-1).
You take 10 damage, and now have 3/26 hp.
MASSIVE DAMAGE!! (PAUSE)
You hit the wight but do no damage. The wight hits you with a +3 flail!
You die...

Skill      XL: |  1  2  3 |
---------------+----------+-----
Dodging        | 2 |  2.4
Unarmed Combat | 3 |  3.1
Fighting       | 2 |  2.0
Shapeshifting  | |  2.8

Action                     || total
---------------------------++-------
  Melee: Unarmed           ||    82
         Punch             ||     2
    Use: Scroll            ||     3
 Armour: Animal skin       ||    24
  Dodge: Dodged            ||    60
  Block: Other             ||     2

Levels and vault maps discovered:
D:1:      dpeg_arrival_rooms_c, layout_rooms, hangedman_decor_diamond_cutter,
          lemuel_flame_loot_1
D:2:      layout_rooms, minmay_misc_feat_tiny
D:3:      layout_basic, nemelex_diamond_rough_becter,
          nicolae_wu_jian_immortal_techniques, uniq_ijyb, uniq_robin

Notes
Turn   | Place    | Note
-------+----------+-------------------------------------------
     0 | D:1      | ytrimaz the Demonspawn Shapeshifter began the quest for the
                  | Orb.
     0 | D:1      | Reached XP level 1. HP: 15/15 MP: 1/1
     0 | D:1      | magus.rc [v1.9.6]
   222 | D:1      | Reached skill level 2 in Dodging
   226 | D:1      | Gained mutation: You are partially covered in thin metallic
                  | scales. (AC +2) [demonic ancestry]
   226 | D:1      | Reached XP level 2. HP: 18/21 MP: 2/2
   510 | D:1      | You add the spells Ignite Poison, Sticky Flame and Ignition
                  | to your library.
   763 | D:2      | Reached skill level 3 in Unarmed Combat
   777 | D:2      | Gained mutation: A meltable shield of frost defends you.
                  | (SH +4) [demonic ancestry]
   777 | D:2      | Reached XP level 3. HP: 20/27 MP: 3/3
   851 | D:2      | You pick up a book of Necromancy and begin reading...
   851 | D:2      | You add the spells Necrotise, Vampiric Draining and Agony
                  | to your library.
   899 | D:2      | Reached skill level 2 in Fighting
  1015 | D:2      | You pick up a book of Weapons and begin reading...
  1015 | D:2      | You add the spells Tukima's Dance, Portal Projectile and
                  | Iskenderun's Mystic Blast to your library.
  1099 | D:2      | Identified a scroll of acquirement
  1412 | D:3      | Noticed a wight
  1412 | D:3      | Noticed a wight
  1432 | D:3      | HP: 6/27 [wight/+4 spear (7)]
  1433 | D:3      | Mangled by a wight

Vanquished Creatures
  2 adders (D:2)
  A dart slug (D:1)
  3 endoplasms (D:2)
  A giant cockroach (D:1)
  4 hobgoblins (D:1)
  4 ball pythons
  4 bats
  A frilled lizard (D:1)
  2 goblins (D:1)
  4 kobolds
  2 rats
28 creatures vanquished.

Vanquished Creatures (others)
  A rat (D:1)
1 creature vanquished.

Grand Total: 29 creatures vanquished

Table legend:
 A = Non-vault XP
 B = Vault XP
 C = Vault XP percentage of total XP
 D = Non-vault monster count
 E = Vault monster count
 F = Vault count percentage of total count
                 A         B        C        D         E       F
            +---------+---------+-------+---------+---------+-------
      Total |      66 |       0 |   0.0 |      28 |       0 |   0.0
            +---------+---------+-------+---------+---------+-------
        D:1 |      24 |       0 |   0.0 |      14 |       0 |   0.0
        D:2 |      41 |       0 |   0.0 |      13 |       0 |   0.0
        D:3 |       1 |       0 |   0.0 |       1 |       0 |   0.0
            +---------+---------+-------+---------+---------+-------

Skill      XL: |  1  2  3 |
---------------+----------+-----
Dodging        | 2 |  2.4
Unarmed Combat | 3 |  3.1
Fighting       | 2 |  2.0
Shapeshifting  | |  2.8

Action                     || total
---------------------------++-------
  Melee: Unarmed           ||    82
         Punch             ||     2
    Use: Scroll            ||     3
 Armour: Animal skin       ||    24
  Dodge: Dodged            ||    60
  Block: Other             ||     2

Illustrated notes

Table legend:
 A = Kills in this place as a percentage of kills in the entire game.
 B = Kills by you in this place as a percentage of kills by you in the entire game.
 C = Kills by friends in this place as a percentage of kills by friends in the entire game.
 D = Other kills in this place as a percentage of other kills in the entire game.
 E = Experience gained in this place as a percentage of experience gained in the entire game.
 F = Experience gained in this place divided by the number of levels of this place that you have seen.
                   A       B       C       D       E      F
               +-------+-------+-------+-------+-------+----------------------
         Total | 100.0 | 100.0 |   N/A |   N/A | 100.0 |  22.0
       Dungeon | 100.0 | 100.0 |   N/A |   N/A | 100.0 |  22.0
               +-------+-------+-------+-------+-------+----------------------

Table legend: (Time is in decaauts)
 A = Elapsed time spent in this place.
 B = Non-inter-level travel time spent in this place.
 C = Inter-level travel time spent in this place.
 D = Time resting spent in this place.
 E = Time spent auto-exploring this place.
 F = Levels seen in this place.
 G = Mean time per level.
                   A        B        C        D        E       F      G
               +--------+--------+--------+--------+--------+-----+--------+
         Total |   1427 |   1391 |     36 |    200 |    934 |   3 |  475.7 |
       Dungeon |   1427 |   1391 |     36 |    200 |    934 |   3 |  475.7 |
               +--------+--------+--------+--------+--------+-----+--------+

Top non-repeatable levels by time:
     D:1: 642 daAuts
     D:2: 611 daAuts
     D:3: 174 daAuts
